 Dungeon Crawl Stone Soup version 0.31.0-11-ge490571c62 (webtiles) character file.

Game seed: 13782455475430034089

2407 Ashen the Sneak (level 9, 0/66 HPs)
             Began as a Gnoll Enchanter on Feb 3, 2024.
             Was a Follower of Uskayaw.
             Slain by Erica
             ... wielding a +0 scimitar of flaming
              (9 damage)
             ... on level 7 of the Dungeon.
             The game lasted 00:27:19 (9318 turns).

Ashen the Sneak (Gnoll Enchanter)                   Turns: 9318, Time: 00:27:20

Health: 0/66       AC:  7    Str:  9    XL:     9   Next: 47%
Magic:  2/19       EV: 17    Int: 14    God:    Uskayaw [*.....]
Gold:   347        SH:  0    Dex: 16    Spells: 7/21 levels left

rFire   . . .        a - +1 dagger
rCold   + . .        (no shield)
rNeg    . . .        C - +1 robe "Xeac" {rC+ Will+}
rPois   .            B - +0 helmet
rElec   .            (no cloak)
rCorr   .            (no gloves)
SInv    .            j - +2 pair of boots {Stlth+}
Will    +....        f - amulet of faith
Stlth   +++++        h - +5 ring of evasion
HPRegen 0.31/turn    (no ring)
MPRegen 0.16/turn

%: faith
@: constricted
A: fangs 1, strong nose, distributed training
a: Renounce Religion, Stomp


You were on level 7 of the Dungeon.
You worshipped Uskayaw.
Uskayaw was noncommittal.
You visited 2 branches of the dungeon, and saw 9 of its levels.
You also visited: Sewer.

You collected 449 gold pieces.
You spent 102 gold pieces at shops.

Inventory:

Hand Weapons
 a - a +1 dagger (weapon)
 w - a +4 whip of electrocution
 E - a +0 great sword
Missiles
 q - a throwing net (quivered)
Armour
 b - a +0 robe
 j - a +2 pair of boots of stealth (worn)
 B - a +0 helmet (worn)
 C - the +1 robe "Xeac" (worn) {rC+ Will+}
   (You found it on level 6 of the Dungeon)

   rC+:       It protects you from cold.
   Will+:     It increases your willpower.
Jewellery
 f - an amulet of faith (around neck)
 h - a +5 ring of evasion (left hand)
 r - an amulet of regeneration
 D - a ring of wizardry
 F - a +6 ring of dexterity
Wands
 e - a wand of charming (7)
 s - a wand of mindburst (12)
 t - a wand of light (1)
 z - a wand of flame (15)
Scrolls
 d - 3 scrolls of immolation
 i - 4 scrolls of teleportation {unknown}
 k - 3 scrolls of fear
 l - 6 scrolls of noise
 m - 3 scrolls of enchant weapon {unknown}
 o - 3 scrolls of enchant armour {unknown}
 u - a scroll of summoning {unknown}
 y - 4 scrolls of identify
 A - a scroll of revelation
 H - a scroll of blinking {unknown}
Potions
 c - a potion of invisibility
 g - 5 potions of curing
 n - 2 potions of might
 p - a potion of attraction
 v - 3 potions of enlightenment
 x - a potion of lignification
 G - a potion of brilliance {unknown}


   Skills:
 + Level 4.4 Fighting
 + Level 5.2 Short Blades
 + Level 4.4 Long Blades
 + Level 4.4 Axes
 + Level 4.4 Maces & Flails
 + Level 4.4 Polearms
 + Level 4.4 Staves
 + Level 4.4 Ranged Weapons
 + Level 4.4 Throwing
 + Level 4.4 Armour
 + Level 6.4 Dodging
 + Level 7.5 Stealth
 + Level 4.4 Shields
 + Level 4.4 Unarmed Combat
 + Level 6.8 Spellcasting
 + Level 3.6 Conjurations
 + Level 6.6 Hexes
 + Level 3.6 Summonings
 + Level 3.6 Necromancy
 + Level 3.6 Translocations
 + Level 3.6 Fire Magic
 + Level 3.6 Ice Magic
 + Level 3.6 Air Magic
 + Level 3.6 Earth Magic
 + Level 3.6 Alchemy
 + Level 4.9 Invocations
 + Level 4.4 Evocations
 + Level 4.0 Shapeshifting


You had 7 spell levels left.
You knew the following spells:

 Your Spells              Type           Power      Damage    Failure   Level
a - Ensorcelled Hibernat  Hex/Ice        38%        N/A       2%          2
b - Confusing Touch       Hex            23%        N/A       2%          3
c - Tukima's Dance        Hex            23%        N/A       2%          3
d - Dazzling Flash        Conj/Hex       38%        N/A       5%          3
e - Mephitic Cloud        Conj/Alch/Air  15%        N/A       10%         3

Your spell library contained the following spells:

 Spells                   Type           Power      Damage    Failure   Level
 Necrotise                Necr           60%        1d7       3%          1
 Vampiric Draining        Necr           15%        2d7       10%         3
 Brom's Barrelling Bould  Conj/Erth      15%        2d4       32%         4
 Martyr's Knell           Necr/Summ      15%        N/A       32%         4
 Silence                  Hex/Air        9%         N/A       43%         5
 Curse of Agony           Necr           15%        N/A       65%         5
 Fireball                 Conj/Fire      7%         3d5       65%         5
 Iskenderun's Battlesphe  Conj           15%        2d7       65%         5
 Conjure Ball Lightning   Conj/Air       7%         3x3d6     99%         6
 Orb of Destruction       Conj           7%         9d6       100%        7


Dungeon Overview and Level Annotations

Branches:
Dungeon (8/15)             Temple (1/1) D:7           Sewer (visited)
   Lair: D:8-11

Altars:
Ashenzari
Cheibriados
Dithmenos
Elyvilon
Fedhas
Gozag
Hepliaklqana
Kikubaaqudgha
Makhleb
Nemelex Xobeh
Okawaru
Qazlal
Ru
Sif Muna
Trog
Uskayaw
Vehumet
Wu Jian
Xom
Yredelemnul
Zin
The Shining One

Shops:
D:3 *

Annotations:
D:7 3 runed translucent doors, mohammadb5305's ghost, novice MiFi
D:8 Erica; Jeremiah


Innate Abilities, Weirdness & Mutations

You have very sharp teeth.
Your uncanny sense of smell can sniff out nearby items.
Your experience applies equally to all skills.


Message History

Erica resists with almost no effort.
Casting: Tukima's Dance (dangerous; 2% risk of failure)
Confirm with . or Enter, or press ? or * to list all spells.
Aiming: Tukima's Dance (dangerous; 2% risk of failure)
Press: ? - help, Shift-Dir - straight line, f/p - Erica
Aim: Erica, wielding a +0 scimitar of flaming and wearing a ring of protection from cold (chance to affect: 22%) Erica resists with almost no effort.
Casting: Tukima's Dance (dangerous; 2% risk of failure)
Confirm with . or Enter, or press ? or * to list all spells.
Aiming: Tukima's Dance (dangerous; 2% risk of failure)
Press: ? - help, Shift-Dir - straight line, f/p - Erica
Aim: Erica, wielding a +0 scimitar of flaming and wearing a ring of protection from cold (chance to affect: 22%) Erica resists with almost no effort.
Casting: Tukima's Dance (dangerous; 2% risk of failure)
Confirm with . or Enter, or press ? or * to list all spells.
Aiming: Tukima's Dance (dangerous; 2% risk of failure)
Press: ? - help, Shift-Dir - straight line, f/p - Erica
Aim: Erica, wielding a +0 scimitar of flaming and wearing a ring of protection from cold (chance to affect: 22%) Erica resists with almost no effort.
Erica casts a spell.
Erica flickers and vanishes!
Deactivating autopickup; reactivate with Ctrl-A.
Casting: Tukima's Dance (dangerous; 2% risk of failure)
Confirm with . or Enter, or press ? or * to list all spells.
Okay, then.
You hear some strange, mumbled words.
A bolt of poison appears from out of thin air!
The bolt of poison hits you!
You are poisoned.
You climb upwards.
Level annotation: 3 runed translucent doors, mohammadb5305's ghost, novice MiFi Reactivating autopickup.
You feel very sick.
There is a stone staircase leading down here.
You feel sick. Something hits you! Something burns you.
Deactivating autopickup; reactivate with Ctrl-A.
Something grabs you.
You are constricted.
You feel better. Something hits you!!
* * * LOW HITPOINT WARNING * * *
Something burns you!
You die...

.##################
..................#
..................#
.#................#
.#................#
##................#
.#.....#########'##
.#.....#..........#
.#.....#........@.#
.'.....#.........>#
.#.....'..........#
.#.....#..........#
.#.....#..........#
.#.....######....##
.#..........######
.#........<.#
.#..........#


There were no monsters in sight!

Vanquished Creatures
  2 orc warriors
  2 black bears (D:6)
  3 ogres
  2 phantoms
  A brain worm (Sewer)
  A gnoll sergeant (D:6)
  2 bullfrogs
  2 scorpions
  3 howler monkeys (D:7)
  2 orc priests
  A bombardier beetle (D:3)
  4 hounds
  3 gnoll boudas
  3 jellies
  3 iguanas
  Jessica (D:3)
  2 sleepcaps
  4 orc wizards
  Robin (D:3)
  11 adders
  19 gnolls
  3 river rats
  A shadow imp (D:7)
  3 dart slugs
  3 ribbon worms
  31 orcs
  9 ball pythons
  3 endoplasms
  7 giant cockroaches
  18 goblins
  17 hobgoblins
  7 jackals
  6 quokkas
  5 bats
  6 frilled lizards
  9 kobolds
  5 rats
205 creatures vanquished.

Notes
Turn   | Place    | Note
-------+----------+-------------------------------------------
     0 | D:1      | Ashen the Gnoll Enchanter began the quest for the Orb.
     0 | D:1      | Reached XP level 1. HP: 13/13 MP: 6/6
   170 | D:1      | Found a faded altar of an unknown god.
   182 | D:1      | Reached XP level 2. HP: 19/19 MP: 7/7
   773 | D:2      | Reached skill level 5 in Spellcasting
   773 | D:2      | Reached XP level 3. HP: 25/25 MP: 7/9
   886 | D:2      | Reached skill level 6 in Stealth
  1017 | D:2      | Reached skill level 1 in Invocations
  1034 | D:2      | Reached skill level 1 in Fighting
  1034 | D:2      | Reached skill level 1 in Long Blades
  1034 | D:2      | Reached skill level 1 in Axes
  1034 | D:2      | Reached skill level 1 in Maces & Flails
  1034 | D:2      | Reached skill level 1 in Polearms
  1034 | D:2      | Reached skill level 1 in Staves
  1034 | D:2      | Reached skill level 1 in Ranged Weapons
  1034 | D:2      | Reached skill level 1 in Throwing
  1034 | D:2      | Reached skill level 1 in Armour
  1034 | D:2      | Reached skill level 1 in Shields
  1034 | D:2      | Reached skill level 1 in Unarmed Combat
  1034 | D:2      | Reached skill level 1 in Evocations
  1045 | D:2      | Learned a level 2 spell: Ensorcelled Hibernation
  1049 | D:2      | Learned a level 3 spell: Confusing Touch
  1053 | D:2      | Learned a level 3 spell: Tukima's Dance
  1057 | D:2      | Learned a level 3 spell: Dazzling Flash
  1381 | D:2      | Reached skill level 1 in Shapeshifting
  1381 | D:2      | Reached XP level 4. HP: 32/32 MP: 11/11
  1457 | D:3      | Reached skill level 1 in Conjurations
  1457 | D:3      | Reached skill level 1 in Summonings
  1457 | D:3      | Reached skill level 1 in Necromancy
  1457 | D:3      | Reached skill level 1 in Translocations
  1457 | D:3      | Reached skill level 1 in Fire Magic
  1457 | D:3      | Reached skill level 1 in Ice Magic
  1457 | D:3      | Reached skill level 1 in Air Magic
  1457 | D:3      | Reached skill level 1 in Earth Magic
  1457 | D:3      | Reached skill level 1 in Alchemy
  1460 | D:3      | HP: 1/32 [burnt (6)]
  1595 | D:3      | Found Huppuf's General Store.
  1602 | D:3      | Bought a scroll of revelation for 90 gold pieces
  1602 | D:3      | Bought a scroll of noise for 12 gold pieces
  1705 | D:3      | Noticed Robin
  1738 | D:3      | Killed Robin
  1865 | D:3      | Reached XP level 5. HP: 37/37 MP: 12/12
  2268 | D:3      | Noticed Jessica
  2276 | D:3      | Killed Jessica
  2716 | D:4      | Reached XP level 6. HP: 16/44 MP: 11/14
  2829 | D:4      | Reached skill level 5 in Dodging
  2962 | D:4      | You fall into a shaft and drop 3 floors!
  2992 | D:6      | Noticed an orc warrior
  3008 | D:6      | Found a glowing drain.
  3043 | Sewer    | Entered a sewer
  3096 | Sewer    | Reached XP level 7. HP: 38/50 MP: 3/15
  3126 | Sewer    | HP: 2/51 [poisoned by an adder]
  4566 | D:6      | Found a burning altar of Makhleb.
  4665 | D:5      | Entered Level 5 of the Dungeon
  4749 | D:5      | Reached XP level 8. HP: 28/58 MP: 8/16
  5158 | D:5      | Learned a level 3 spell: Mephitic Cloud
  5691 | D:4      | Found an opulent altar of Gozag.
  6516 | D:5      | Reached skill level 7 in Stealth
  6865 | D:6      | Identified the +1 robe "Xeac" {rC+ Will+}
  7235 | D:6      | Reached XP level 9. HP: 12/65 MP: 5/18
  7812 | D:7      | Found a runed translucent gate.
  7812 | D:7      | Found a runed translucent gate.
  7812 | D:7      | Found a runed translucent gate.
  7833 | D:7      | Reached skill level 5 in Short Blades
  8225 | D:7      | Noticed mohammadb5305's ghost (novice MiFi)
  8817 | D:7      | Found a staircase to the Ecumenical Temple.
  9047 | Temple   | Entered the Ecumenical Temple
  9078 | Temple   | Became a worshipper of Uskayaw the Reveller
  9166 | D:8      | Noticed Jeremiah
  9174 | D:7      | Reached * piety under Uskayaw
  9306 | D:8      | Noticed Erica
  9318 | D:7      | Slain by Erica

Illustrated notes

Levels and vault maps discovered:
D:1:      scummos_arrival_gate, layout_basic, ebering_ecumenical_altar_hall
D:2:      layout_loops_ring, grunt_ministairs_9
D:3:      layout_loops_ring, serial_shops, nicolae_shop_crystal,
          minmay_misc_feat_encased, uniq_robin, uniq_jessica
D:4:      layout_basic, grunt_gozag_statues, serial_forest,
          infiniplex_forest_clump_curved, infiniplex_forest_split,
          infiniplex_forest_zigzag_1, infiniplex_forest_clump_small,
          infiniplex_forest_clump_small, infiniplex_forest_straight_2,
          infiniplex_forest_clump_small
D:5:      corexii_shantytown, layout_basic, roderic_st_hans_cross,
          minmay_misc_feat_columns, eino_tiny_chamber
D:6:      layout_cave_pods, makhleb_heckhound_becter, portal_sewer_entry_a
D:7:      layout_gridville, minmay_temple_entry_enclosed_plants,
          gammafunk_ghost_icy, serial_park_tiny_2
D:8:      layout_rooms, uniq_jeremiah, uniq_erica, uniq_maggie
Temple:   mainiacjoe_temple_big_plus

Skill      XL: |  1  2  3  4  5  6  7  8  9 |
---------------+----------------------------+-----
Spellcasting   | 5 6 |  6.8
Stealth        | 6 7 |  7.5
Invocations    | 1 2 3 4 |  4.9
Fighting       | 1 2 3 4 |  4.4
Long Blades    | 1 2 3 4 |  4.4
Axes           | 1 2 3 4 |  4.4
Maces & Flails | 1 2 3 4 |  4.4
Polearms       | 1 2 3 4 |  4.4
Staves         | 1 2 3 4 |  4.4
Ranged Weapons | 1 2 3 4 |  4.4
Throwing       | 1 2 3 4 |  4.4
Armour         | 1 2 3 4 |  4.4
Shields        | 1 2 3 4 |  4.4
Unarmed Combat | 1 2 3 4 |  4.4
Evocations     | 1 2 3 4 |  4.4
Shapeshifting  | 1 2 3 4 |  4.0
Conjurations   | 1 2 3 |  3.6
Summonings     | 1 2 3 |  3.6
Necromancy     | 1 2 3 |  3.6
Translocations | 1 2 3 |  3.6
Fire Magic     | 1 2 3 |  3.6
Ice Magic      | 1 2 3 |  3.6
Air Magic      | 1 2 3 |  3.6
Earth Magic    | 1 2 3 |  3.6
Alchemy        | 1 2 3 |  3.6
Short Blades   | 3 4 5 |  5.2
Dodging        | 5 6 |  6.4
Hexes          | 6 |  6.6

Action                     |  1- 3 |  4- 6 |  7- 9 || total
---------------------------+-------+-------+-------++-------
  Melee: Dagger            |   147 |   174 |   401 ||   722
         Bite              |     7 |    12 |    51 ||    70
         Punch             |       |     2 |     7 ||     9
   Cast: Ensorcelled Hiber |       |    19 |    79 ||    98
         Confusing Touch   |       |     8 |    15 ||    23
         Dazzling Flash    |       |       |    37 ||    37
         Tukima's Dance    |       |       |     7 ||     7
         Mephitic Cloud    |       |       |     3 ||     3
  Evoke: Wand              |       |       |     6 ||     6
    Use: Potion            |       |     1 |     3 ||     4
         Scroll            |       |     1 |     6 ||     7
   Stab: Sleeping          |    11 |    23 |    73 ||   107
         Confused          |       |     5 |     9 ||    14
         Invisible         |       |       |    21 ||    21
 Armour: Robe              |    55 |    53 |   187 ||   295
  Dodge: Dodged            |   106 |   147 |   419 ||   672
